 Dungeon Sprint DCSS version 0.28-a0-21-gf74fda84f9 (webtiles) character file.

Game seed: 16269268903294275052

1470 rocky1 the Sharpshooter (level 8, -7/73 HPs)
             Began as a Minotaur Hunter on July 27, 2021.
             Was a Priest of Okawaru.
             Mangled by a five-headed hydra (11 damage)
             ... in the Dungeon (Sprint VII: "The Pits") on Aug 10, 2021.
             The game lasted 00:10:12 (1367 turns).

rocky1 the Sharpshooter (Minotaur Hunter)           Turns: 1367, Time: 00:10:13

Health: -7/73      AC: 10    Str: 19    XL:     8   Next: 49%
Magic:  10/10      EV: 12    Int:  8    God:    Okawaru [***...]
Gold:   0          SH:  0    Dex: 18    Spells: 7/7 levels left

rFire   + . .      SeeInvis .   w - +2 dire flail "Tangunox" {elec, rElec rF+ Dex+4}
rCold   . . .      Faith    .   (shield currently unavailable)
rNeg    . . .      Spirit   .   e - +0 troll leather armour {Purgy}
rPois   .          Reflect  .   (helmet restricted)
rElec   +          Harm     .   x - +0 cloak
rCorr   .          Rampage  .   (no gloves)
Will    .....      NoTele   +   y - +0 pair of boots
Stlth   ++........              (no amulet)
HPRegen 1.22/turn               r - +3 ring of dexterity
MPRegen 0.12/turn               s - +3 ring of protection

@: no status effects
A: horns 2, retaliatory headbutt
a: Renounce Religion, Heroism


You were in the Dungeon.
You worshipped Okawaru.
Okawaru was most pleased with you.
You visited 1 branch

Inventory:

Hand Weapons
 a - a +1 hand crossbow
 q - a +1 long sword of flaming
 u - a +1 vorpal broad axe
 v - a +2 scimitar of holy wrath
 w - the +2 dire flail "Tangunox" (weapon) {elec, rElec rF+ Dex+4}
   (You found it in the Dungeon)

   It occasionally discharges a powerful burst of electricity upon striking a
   foe.
   Dex:       It affects your dexterity (+4).
   rF:        It protects you from fire.
   rElec:     It insulates you from electricity.
Missiles
 d - 14 bolts
Armour
 e - a +0 troll leather armour (worn) {Purgy}
 x - a +0 cloak (worn)
 y - a +0 pair of boots (worn)
 z - a +5 ring mail
Jewellery
 r - a +3 ring of dexterity (left hand)
 s - a +3 ring of protection (right hand)
Scrolls
 j - a scroll of blinking
 k - 5 scrolls of amnesia
 l - a scroll of summoning
Potions
 f - 2 potions of berserk rage
 g - 2 potions of haste
 h - 4 potions of magic
 i - 2 potions of invisibility
 o - 7 potions of heal wounds
 p - 6 potions of curing
 t - 3 potions of mutation


   Skills:
 + Level 7.0 Fighting
 - Level 6.4 Long Blades
 + Level 0.0 Maces & Flails
 - Level 16.4 Crossbows
 + Level 6.5 Armour
 - Level 2.1 Dodging
 - Level 0.7 Stealth
 - Level 4.9 Invocations


You had 7 spell levels left.
You didn't know any spells.
Your spell library was empty.

Dungeon Overview and Level Annotations

Branches:
Dungeon (1/1)

Altars:
Ashenzari
Cheibriados
Dithmenos
Elyvilon
Fedhas
Gozag
Hepliaklqana
Kikubaaqudgha
Makhleb
Nemelex Xobeh
Okawaru
Qazlal
Ru
Sif Muna
Trog
Uskayaw
Vehumet
Wu Jian
Xom
Yredelemnul
Zin
The Shining One
Beogh
Jiyva
Lugonu


Innate Abilities, Weirdness & Mutations

You have a pair of horns on your head.
You reflexively headbutt those who attack you in melee.


Message History

The five-headed hydra bites you but does no damage.
The five-headed hydra misses you.
The five-headed hydra closely misses you.
Unknown command.
You feel agile.
You hear the crackle of electricity.
w - the +2 dire flail "Tangunox" (weapon)
{elec, rElec rF+ Dex+4} Unknown command.
You hit the five-headed hydra.
Lightning courses through the five-headed hydra!
The five-headed hydra is moderately wounded.
The red devil barely misses you.
The five-headed hydra bites you but does no damage.
The five-headed hydra misses you. x2; The five-headed hydra bites you. x2
You sock the five-headed hydra!
The five-headed hydra is heavily wounded.
The red devil hits you from afar with a +0 trident.
The five-headed hydra misses you. You furiously retaliate!
You headbutt the five-headed hydra! The five-headed hydra bites you.
The five-headed hydra barely misses you.
The five-headed hydra bites you. The five-headed hydra misses you.
The red devil misses you. The five-headed hydra bites you.
The five-headed hydra bites you! The five-headed hydra bites you. x2
The five-headed hydra misses you.
You hit the five-headed hydra but do no damage.
The five-headed hydra is heavily wounded.
The red devil hits you from afar with a +0 trident!!
* * * LOW HITPOINT WARNING * * *
The five-headed hydra closely misses you.
The five-headed hydra bites you but does no damage.
The five-headed hydra closely misses you.
The five-headed hydra bites you but does no damage.
The five-headed hydra bites you!
* * * LOW HITPOINT WARNING * * *
You barely miss the five-headed hydra.
The five-headed hydra is heavily wounded.
The red devil completely misses you.
The five-headed hydra bites you but does no damage.
The five-headed hydra bites you!
You die...

.'..#####'#####†'######
##'###.......##''#####
....##.......##......#
....##.......##....###
'#####...<...##...## +
))[.##.......##..## .#
))[.##.......##..# .#
######.......##..#4.#
.#.. ##########.@D..+
.#.############..#.(#
.#)#....#.)..##..# (#
.#'#....#..[.##.†## .#
.#.†....'...)##...## +
.#'#....#..).##....###
.')#....#...)##......#
######################


You could see a five-headed hydra and a red devil.

Vanquished Creatures
  A death yak (D)
  Prince Ribbit (D)
  An acid dragon (D)
  A floating eye (D)
  Purgy (D)
  A gnoll sergeant (D)
  2 scorpions (D)
  A quasit (D)
  2 hounds (D)
  An iguana (D)
  A hell rat (D)
  2 gnolls (D)
  An ufetubus (D)
  3 worms (D)
  2 giant cockroaches (D)
  A hobgoblin (D)
  6 jackals (D)
  2 quokkas (D)
  A ball python simulacrum (D)
  2 bats (D)
33 creatures vanquished.

Notes
Turn   | Place    | Note
-------+----------+-------------------------------------------
     0 | D        | rocky1 the Minotaur Hunter began the quest for the Orb.
     0 | D        | Reached XP level 1. HP: 18/18 MP: 0/0
    14 | D        | Noticed a scorpion
    27 | D        | Killed a scorpion
    28 | D        | Reached skill level 9 in Crossbows
    28 | D        | Reached XP level 2. HP: 11/25 MP: 1/1
    28 | D        | Reached XP level 3. HP: 13/30 MP: 2/2
   237 | D        | Found a bloodstained altar of Trog.
   237 | D        | Found a shimmering blue altar of Sif Muna.
   237 | D        | Found a viscous altar of Jiyva.
   237 | D        | Found a hazy altar of Hepliaklqana.
   237 | D        | Found an opulent altar of Gozag.
   238 | D        | Found a glowing golden altar of the Shining One.
   238 | D        | Found a glowing silver altar of Zin.
   238 | D        | Found a basalt altar of Yredelemnul.
   238 | D        | Found a shimmering altar of Xom.
   238 | D        | Found an ornate altar of the Wu Jian Council.
   238 | D        | Found a sacrificial altar of Ru.
   238 | D        | Found a stormy altar of Qazlal.
   238 | D        | Found an iron altar of Okawaru.
   238 | D        | Found a sparkling altar of Nemelex Xobeh.
   238 | D        | Found a burning altar of Makhleb.
   238 | D        | Found a blossoming altar of Fedhas.
   238 | D        | Found a white marble altar of Elyvilon.
   238 | D        | Found a shadowy altar of Dithmenos.
   238 | D        | Found a snail-covered altar of Cheibriados.
   240 | D        | Found a radiant altar of Vehumet.
   240 | D        | Found a corrupted altar of Lugonu.
   241 | D        | Found a hide-covered altar of Uskayaw.
   241 | D        | Found an ancient bone altar of Kikubaaqudgha.
   241 | D        | Found a broken altar of Ashenzari.
   246 | D        | Became a worshipper of Warmaster Okawaru
   351 | D        | Reached XP level 4. HP: 19/37 MP: 3/3
   507 | D        | Noticed a scorpion
   514 | D        | Reached skill level 10 in Crossbows
   525 | D        | Killed a scorpion
   526 | D        | Reached skill level 11 in Crossbows
   530 | D        | Reached XP level 5. HP: 12/42 MP: 4/4
   540 | D        | Noticed Purgy
   551 | D        | Killed Purgy
   552 | D        | Reached skill level 13 in Crossbows
   861 | D        | Noticed Prince Ribbit
   865 | D        | Reached XP level 6. HP: 50/50 MP: 5/5
   872 | D        | Reached * piety under Okawaru
   873 | D        | Reached skill level 14 in Crossbows
   876 | D        | HP: 1/50 [Prince Ribbit (12)]
   878 | D        | Killed Prince Ribbit
   879 | D        | Reached skill level 15 in Crossbows
   920 | D        | Reached ** piety under Okawaru
   921 | D        | Reached XP level 7. HP: 53/56 MP: 6/6
   985 | D        | Reached skill level 16 in Crossbows
  1116 | D        | Reached skill level 1 in Long Blades
  1116 | D        | Reached skill level 1 in Armour
  1126 | D        | Paralysed by a floating eye for 2 turns
  1130 | D        | Paralysed by a floating eye for 4 turns
  1135 | D        | Paralysed by a floating eye for 2 turns
  1139 | D        | Reached skill level 1 in Invocations
  1143 | D        | Paralysed by a floating eye for 4 turns
  1199 | D        | Got the +2 dire flail "Tangunox" {elec, rElec rF+ Dex+4}
  1290 | D        | Noticed a death yak
  1307 | D        | Killed a death yak
  1307 | D        | Reached *** piety under Okawaru
  1308 | D        | Reached skill level 5 in Long Blades
  1308 | D        | Reached skill level 5 in Armour
  1308 | D        | Reached XP level 8. HP: 48/71 MP: 6/10
  1359 | D        | Noticed a red devil
  1359 | D        | Noticed a five-headed hydra
  1366 | D        | HP: 2/73 [five-headed hydra (10)]
  1367 | D        | Mangled by a five-headed hydra

Illustrated notes

Levels and vault maps discovered:
D:        pitsprint [storerooms_1, entrance_room_1, metal_vault_6, armoury_2,
          mini_pit_1, grid_room_1, main_hall_1, silver_pit, the_coven_1,
          the_vestibule_1, steel_vault_4, golden_pit, hallway_of_sentries,
          crystal_vault_1, iron_vault_4, final_vault]

Skill      XL: |  1  2  3  4  5  6  7  8 |
---------------+-------------------------+-----
Crossbows      | 9 11 13 15 16 | 16.4
Long Blades    | 5 6 |  6.4
Armour         | 5 6 |  6.5
Invocations    | 4 |  4.9
Fighting       | 6 7 |  7.0
Dodging        | |  2.1
Stealth        | |  0.7

Action                   |  1- 3 |  4- 6 |  7- 9 || total
-------------------------+-------+-------+-------++-------
Melee: Short sword       |    24 |    25 |       ||    49
       Headbutt          |     3 |     6 |     2 ||    11
       Falchion          |     6 |     3 |       ||     9
       Long sword        |       |    12 |    31 ||    43
       Dire flail        |       |       |    12 ||    12
 Fire: Hand crossbow     |     1 |    12 |    22 ||    35
Invok: Heroism           |       |       |     1 ||     1
  Use: Potion            |     2 |     3 |     1 ||     6
Armor: Leather armour    |    26 |     8 |       ||    34
       Troll leather arm |       |    23 |    19 ||    42
Dodge: Dodged            |    36 |    61 |    38 ||   135
       Rpst.: Falchion   |     1 |       |       ||     1
       Long sword        |       |     5 |     5 ||    10

Table legend: (Time is in decaauts)
 A = Elapsed time spent in this place.
 B = Non-inter-level travel time spent in this place.
 C = Inter-level travel time spent in this place.
 D = Time resting spent in this place.
 E = Time spent auto-exploring this place.
 F = Levels seen in this place.
 G = Mean time per level.
                   A        B        C        D        E       F      G
               +--------+--------+--------+--------+--------+-----+--------+
         Total |   1402 |   1345 |     57 |    766 |      0 |   1 | 1402.0 |
       Dungeon |   1402 |   1345 |     57 |    766 |      0 |   1 | 1402.0 |
               +--------+--------+--------+--------+--------+-----+--------+

Top non-repeatable levels by time:
       D: 1402 daAuts
